 Dungeon Crawl Stone Soup version 0.19.5 (webtiles) character file.

18 Hordtkhen the Skirmisher (level 2, 0/24 HPs)
             Began as a Demonspawn Abyssal Knight on Apr 15, 2017.
             Was a Follower of Lugonu.
             Slain by a hobgoblin
             ... wielding a +0 club
              (2 damage)
             ... on level 2 of the Dungeon.
             The game lasted 00:08:44 (1213 turns).

Hordtkhen the Skirmisher (DsAK)                     Turns: 1213, Time: 00:08:45

Health: 0/24       AC:  3    Str: 12    XL:     2   Next: 51%
Magic:  3/3        EV:  8    Int: 13    God:    Lugonu [*.....]
Gold:   67         SH:  7    Dex: 12    Spells: 0 memorised, 1 level left

rFire  . . .     SeeInvis .     a - +1 falchion
rCold  + . .     Gourm    .     b - +0 leather armour
rNeg   . . .     Faith    .     r - +1 shield {rC+}
rPois  .         Spirit   .     (helmet restricted)
rElec  .         Reflect  .     (no cloak)
rCorr  .         Harm     .     (no gloves)
MR     .....                    (no boots)
Stlth  +.........               (no amulet)
                                (no ring)
                                (no ring)

@: flying
A: horns 1
a: Depart the Abyss, Renounce Religion


You were on level 2 of the Dungeon.
You worshipped Lugonu.
Lugonu was aware of your devotion.
You were not hungry.

You visited 1 branch of the dungeon, and saw 2 of its levels.
You visited the Abyss 1 time.

You collected 67 gold pieces.

Inventory:

Hand Weapons
 a - a +1 falchion (weapon)
Missiles
 e - 9 poisoned needles
 o - 7 tomahawks (quivered)
 q - 11 arrows
Armour
 b - a +0 leather armour (worn)
 r - a +1 shield of cold resistance (worn)
 s - a +0 helmet
Scrolls
 i - a scroll of identify
 j - 2 scrolls of amnesia
 k - a scroll of remove curse
Potions
 d - a potion of invisibility {unknown}
 m - a potion of degeneration {unknown}
 p - a potion of curing {unknown}
Comestibles
 c - a bread ration
 f - a slice of pizza
 h - a royal jelly


   Skills:
 + Level 3.2 Fighting
 + Level 2.3 Long Blades
 + Level 2.0 Armour
 + Level 1.1 Dodging
 + Level 2.4 Invocations


You had one spell level left.
You didn't know any spells.

Dungeon Overview and Level Annotations

Branches:
Dungeon (2/15)

Altars:
Uskayaw
Vehumet


Innate Abilities, Weirdness & Mutations

You have a pair of small horns on your head.


Message History

The hobgoblin closely misses you.
As you read the scroll labeled GUADYEM MYGIMIAFI, it crumbles to dust.
It is a scroll of identify.
s - a +0 helmet You block the giant cockroach's attack.
The giant cockroach bites you.
* * * LOW HITPOINT WARNING * * *
The kobold hits you.
* * * LOW HITPOINT WARNING * * *
You block the hobgoblin's attack. The giant cockroach closely misses you.
You block the kobold's attack.
It was a potion of flight.
You feel very buoyant.
You fly up into the air.
The giant cockroach bites you but does no damage.
You block the kobold's attack. You block the giant cockroach's attack.
The giant cockroach bites you but does no damage.
The kobold hits you.
* * * LOW HITPOINT WARNING * * *
The hobgoblin hits you with a club.
You die...

#8...8#..... ## #.
#....?...[
#..w##..... ...#.
#.........
#...$......
..#.##........
#..........
............
###........
#...#....#########
########. #
##.###........$..# #.
#..#...#.....!.ss...#
#.
....._........Kg@...#
#.
#..#...#.......KK...#
#. #
##.###..########## #.
#...#..## #.
(..%....# #.
.....###.# #. .####.#
... ## #.# .[.


You could see 2 giant cockroaches, a hobgoblin and 3 kobolds.

Vanquished Creatures
  A dart slug (D:1)
  A ball python (D:2)
  2 hobgoblins (D:1)
  2 kobolds
  6 bats
  2 frilled lizards (D:1)
  4 rats
18 creatures vanquished.

Notes
Turn   | Place    | Note
-------+----------+-------------------------------------------
     0 | Abyss:1  | Hordtkhen the Demonspawn Abyssal Knight began the quest for the Orb.
     0 | Abyss:1  | Reached XP level 1. HP: 18/18 MP: 2/2
    67 | D:1      | Escaped the Abyss
   312 | D:1      | Reached skill level 1 in Dodging
   582 | D:1      | Gained mutation: You have a pair of small horns on your head. [demonic ancestry]
   582 | D:1      | Reached XP level 2. HP: 24/24 MP: 3/3
   850 | D:2      | Noticed a hand axe
   854 | D:2      | Noticed a dagger
   859 | D:2      | Found a hide-covered altar of Uskayaw.
  1195 | D:2      | Found a radiant altar of Vehumet.
  1213 | D:2      | Slain by a hobgoblin

Skill      XL: |  1  2 |
---------------+-------+-----
Long Blades    | 2 |  2.3
Dodging        | 1 |  1.1
Armour         | 2 |  2.0
Fighting       | |  3.2
Invocations    | |  2.4

Action                   || total
-------------------------++-------
Melee: Falchion          ||    64
       Headbutt          ||     4
  Use: Scroll            ||     6
       Potion            ||     1
  Eat: Chunk             ||     1
Armor: Leather armour    ||    24
Dodge: Dodged            ||    49
Block: Shield            ||    22
       Rpst.: Falchion   ||    18
